 Dungeon Crawl Stone Soup version 0.31-a0-632-g766dd24fdf (webtiles) character file.

Game seed: 8605259093745658613

193 Dittersdorf the Shield-Bearer (level 5, -3/34 HPs)
             Began as a Gargoyle Fighter on Aug 25, 2023.
             Slain by a gnoll
             ... wielding a +0 flail
              (8 damage)
             ... on level 3 of the Dungeon.
             The game lasted 00:01:45 (1664 turns).

Dittersdorf the Shield-Bearer (Gargoyle Fighter)    Turns: 1664, Time: 00:01:46

Health: -3/34      AC: 13    Str: 22    XL:     5   Next: 72%
Magic:  5/5        EV:  8    Int:  8    God:
Gold:   126        SH:  4    Dex:  9    Spells: 4/4 levels left

rFire   . . .        a - +0 flail
rCold   . . .        c - +0 buckler
rNeg    + . .        m - +0 chain mail
rPois   ∞            (no helmet)
rElec   +            (no cloak)
rCorr   .            (no gloves)
SInv    .            (no boots)
Will    .....        (no amulet) Stlth
                     n - ring of wizardry
HPRegen 0.25/turn    (no ring)
MPRegen 0.09/turn

%: wizardry (x1)
@: no status effects
A: sickness immunity, AC +4, negative energy resistance 1, electricity
resistance, torment resistance 1, petrification resistance
a: no special abilities


You were on level 3 of the Dungeon.
You visited 1 branch of the dungeon, and saw 3 of its levels.

You collected 126 gold pieces.

Inventory:

Hand Weapons
 a - a +0 flail (weapon)
Missiles
 o - 5 poisoned darts (quivered)
Armour
 c - a +0 buckler (worn)
 m - a +0 chain mail (worn)
Jewellery
 n - a ring of wizardry (left hand)
Scrolls
 b - a scroll of fear {unknown}
 e - 2 scrolls of enchant weapon {unknown}
 g - a scroll of identify {unknown}
 i - a scroll of immolation {unknown}
 k - a scroll of teleportation {unknown}
 p - a scroll of blinking {unknown}
Potions
 d - a potion of might
 f - a potion of berserk rage {unknown}
 h - 2 potions of heal wounds {unknown}
 j - a potion of attraction {unknown}
 l - a potion of curing {unknown}


   Skills:
 + Level 4.3 Fighting
 + Level 3.2 Maces & Flails
 + Level 4.4 Armour
 + Level 4.4 Shields


You had 4 spell levels left.
You didn't know any spells.
Your spell library was empty.

Dungeon Overview and Level Annotations

Branches:
Dungeon (3/15)

Altars:
Sif Muna

Annotations:
D:3 1 transporter, baller8008's ghost, amateur MiFi


Innate Abilities, Weirdness & Mutations

You are immune to sickness and miasma.
Your stone body is resilient. (AC +4)
You are immune to poison.
You resist negative energy. (rN+)
You are resistant to electric shocks. (rElec)
You are resistant to unholy torment.
You are immune to petrification.


Message History

You are held in a net!
You are held in a net!
There are monsters nearby!
You tear a large gash into the net.
The gnoll hits you with a +0 flail!
A gnoll comes into view. It is wielding a +0 flail.
The gnoll hits you but does no damage.
You struggle against the net.
The gnoll hits you with a +0 flail. The gnoll hits you but does no damage.
You shred the net and break free! The gnoll hits you with a +0 flail!
* * * LOW HITPOINT WARNING * * *
The gnoll hits you but does no damage. The gnoll attacks as it pursues you!
You block the gnoll's attack. The gnoll attacks as it pursues you!
You block the gnoll's attack.
Things that are here:
a +0 club; a kobold corpse You see here a throwing net.
The gnoll throws a throwing net.
You block the throwing net.
You see here 2 throwing nets.
The gnoll closely misses you.
Things that are here:
a +0 club; a kobold corpse You hit the gnoll but do no damage.
The gnoll is heavily wounded.
The gnoll hits you with a +0 flail.
* * * LOW HITPOINT WARNING * * *
You hit the gnoll.
The gnoll is severely wounded.
A gnoll comes into view. It is wielding a +0 flail.
The gnoll barely misses you.
You barely miss the gnoll.
The gnoll is severely wounded.
The gnoll shouts!
The gnoll closely misses you. The gnoll hits you with a +0 flail.
* * * LOW HITPOINT WARNING * * *
You thump the gnoll!
You kill the gnoll!
You sock the gnoll!
The gnoll is severely wounded.
The gnoll hits you with a +0 flail!
You die...

. # . #.# ##
## ..##. .###
...#... #.g.#
#g# #g# #@#
#(# ########
#.# (......#
#.# ######.#
#.# #.# #.#
#.#########.#
#...........#
#############


You could see 3 gnolls.

Vanquished Creatures
  A scorpion (D:3)
  Jessica (D:2)
  2 gnolls
  3 adders
  A dart slug (D:2)
  A worm (D:2)
  8 ball pythons
  4 endoplasms
  4 giant cockroaches
  4 hobgoblins
  3 quokkas
  6 bats
  7 frilled lizards
  4 goblins
  5 kobolds
  4 rats
58 creatures vanquished.

Notes
Turn   | Place    | Note
-------+----------+-------------------------------------------
     0 | D:1      | Dittersdorf the Gargoyle Fighter began the quest for the
                  | Orb.
     0 | D:1      | Reached XP level 1. HP: 14/14 MP: 1/1
   111 | D:1      | Reached XP level 2. HP: 19/19 MP: 2/2
   237 | D:1      | Reached XP level 3. HP: 23/23 MP: 3/3
  1089 | D:2      | Reached XP level 4. HP: 29/29 MP: 4/4
  1092 | D:2      | Noticed Jessica
  1101 | D:2      | Killed Jessica
  1140 | D:2      | Found a shimmering blue altar of Sif Muna.
  1155 | D:2      | Identified the +0 leather armour "Bisuillo" {Int+2}
  1462 | D:3      | Noticed baller8008's ghost (amateur MiFi)
  1462 | D:3      | Noticed an ogre
  1463 | D:3      | Found a transporter.
  1464 | D:3      | Identified the +6 giant spiked club of Adeih {heavy, Fly
                  | Will- rCorr Dex-3}
  1464 | D:3      | Noticed an ogre
  1549 | D:3      | Noticed a scorpion
  1564 | D:3      | Killed a scorpion
  1565 | D:3      | Reached XP level 5. HP: 30/33 MP: 5/5
  1664 | D:3      | Slain by a gnoll

Illustrated notes

Levels and vault maps discovered:
D:1:      dpeg_arrival_more_subterranean_lakeside_camping, layout_basic,
          nicolae_grassy_gnolls
D:2:      layout_rooms, basic_altar, minivault_25, uniq_jessica
D:3:      layout_loops_ring, nicolae_overflow_hidden_temple,
          gammafunk_ghost_smash

Skill      XL: |  1  2  3  4 |
---------------+-------------+-----
Armour         | 4 |  4.4
Shields        | 4 |  4.4
Fighting       | 4 |  4.3
Maces & Flails | 3 |  3.2

Action                     |  1- 3 |  4- 6 || total
---------------------------+-------+-------++-------
  Melee: Flail             |    93 |    93 ||   186
 Armour: Scale mail        |    37 |       ||    37
         Chain mail        |    15 |    53 ||    68
  Dodge: Dodged            |    54 |    38 ||    92
  Block: Buckler           |    19 |    16 ||    35

Table legend: (Time is in decaauts)
 A = Elapsed time spent in this place.
 B = Non-inter-level travel time spent in this place.
 C = Inter-level travel time spent in this place.
 D = Time resting spent in this place.
 E = Time spent auto-exploring this place.
 F = Levels seen in this place.
 G = Mean time per level.
                   A        B        C        D        E       F      G
               +--------+--------+--------+--------+--------+-----+--------+
         Total |   1727 |   1692 |     35 |      8 |   1215 |   3 |  575.7 |
       Dungeon |   1727 |   1692 |     35 |      8 |   1215 |   3 |  575.7 |
               +--------+--------+--------+--------+--------+-----+--------+

Top non-repeatable levels by time:
     D:1: 802 daAuts
     D:2: 479 daAuts
     D:3: 445 daAuts
